Cogmind - Beta 13 @@@ ROGUE MODE // 2024.04.10 @ 19:29:18 Player: Ragonath Result: Destroyed self with Mini Grenade Launcher Performance ------------- Evolutions (0) 0 Regions Visited (1) 200 Robots Destroyed (1) 5 Value Destroyed (54) 54 Prototype IDs (0) 0 Alien Tech Used (0) 0 Bonus (0) 0 TOTAL SCORE: 259 Bonus ------- None Cogmind --------- Core Integrity 0/250 Matter 240/300 Energy 250/250 System Corruption 0% Temperature Cool (9) Movement Core (200) Ox3 Location -10/Materials Parts ------- > --- POWER (1) -------- Ion Engine > --- PROPULSION (2) --- Combat Airjet > --- UTILITY (2) ------ Small Storage Unit > --- WEAPON (2) ------- Small Laser Mini Grenade Launcher > --- INVENTORY (8) ---- Aluminum Leg Wheel Wheel Improved Terrain Scanner Launcher Guidance Computer Mining Laser Peak State ------------ > --- POWER ------------ Ion Engine > --- PROPULSION ------- Aluminum Leg Combat Airjet > --- UTILITY ---------- Small Storage Unit Improved Light Armor Plating > --- WEAPON ----------- Small Laser Mini Grenade Launcher > --- INVENTORY -------- Aluminum Leg Wheel Wheel Improved Terrain Scanner Launcher Guidance Computer Mining Laser [Rating: 15] Favorites ----------- Power Ion Engine Engine Ion Engine Propulsion Wheel Leg Aluminum Leg Wheel Wheel Hover Unit Combat Airjet Utility Small Storage Unit Storage Small Storage Unit Protection Improved Light Armor Plating Weapon Small Laser Energy Gun Small Laser Ballistic Gun Assault Rifle Launcher Mini Grenade Launcher Build | -11 -10 ------- Run | Yrd Mat Slots Evolved . | . . Power . | . . Propulsion . | . . Utility . | . . Weapon . | . . Parts Attached 13 | 13 . Power 2 | 2 . Engine 2 | 2 . Core . | . . Reactor . | . . Propulsion 4 | 4 . Treads . | . . Leg 1 | 1 . Wheel 2 | 2 . Hover 1 | 1 . Flight . | . . Utility 2 | 2 . Device . | . . Storage 1 | 1 . Processor . | . . Hackware . | . . Protection 1 | 1 . Artifact . | . . Weapon 5 | 5 . Energy Gun 1 | 1 . Energy Cannon . | . . Ballistic Gun 3 | 3 . Ballistic Cannon . | . . Launcher 1 | 1 . Special Weapon . | . . Impact Weapon . | . . Slashing Weapon . | . . Piercing Weapon . | . . Special Melee Weapon . | . . Unidentified Prototypes . | . . Parts Lost 3 | 1 2 Power . | . . Propulsion 1 | . 1 Utility 1 | . 1 Weapon 1 | 1 . Highest Loss Streak 2 | 1 2 To Critical Strikes . | . . Average Slot Usage (%) 98 | . 98 Engine 14 | . 14 Leg 14 | . 14 Hover 14 | . 14 Storage 14 | . 14 Protection 12 | . 12 Energy Gun 14 | . 14 Launcher 14 | . 14 Naked Turns . | . . Heaviest Build 16 | 16 15 Greatest Support 20 | 20 10 Greatest Overweight (x) 1 | 1 1 Average Overweight (x) . | . 1 Largest Inventory Capacity 8 | 8 8 Average Capacity 7 | 7 8 Most Carried 8 | 8 6 Average Carried 5 | 5 6 Final Capacity 8 | 8 8 Final Carried 6 | 6 6 Class Distribution -------------------- 100% | Mutant Dominant Class ---------------- Mutant | -10/Materials Resources | -11 -10 ----------- Run | Yrd Mat Matter Collected 400 | 400 . Remotely . | . . Salvage Created 82 | 61 21 Parts . | . . Haulers Intercepted . | . . Recyclers Shooed . | . . Parts Field Recycled . | . . Retrieved Matter . | . . Parts Self-Destructed . | . . Prevented . | . . Kills | -11 -10 ------- Run | Yrd Mat Combat Hostiles Destroyed 9 | 8 1 Guns 7 | 7 . AOE 2 | 1 1 Classes Destroyed 2 | 1 1 Grunt 1 | . 1 Assembled 8 | 8 . Best Kill Streak 2 | 2 1 Combat Bots Only 2 | 2 1 Max Kills in Single Turn 1 | 1 1 Gunslinging . | . . Exploded 1 | 1 1 Melee . | . . Uniques/NPCs Destroyed . | . . Combat | -11 -10 -------- Run | Yrd Mat Hostile Shots Fired 74 | 53 21 Missed 25 | 19 6 Damage Taken 889 | 628 261 Core 259 | 195 64 Absorbed by Shields . | . . Core Remaining (%) 22 | 22 . Volleys Fired 47 | 40 7 Largest 2 | 2 1 Hottest 60 | 60 30 Shots Fired 57 | 50 7 Gun 46 | 46 . Cannon . | . . Launcher 11 | 4 7 Special . | . . Kinetic 15 | 15 . Thermal 31 | 31 . Explosive 11 | 4 7 Electromagnetic . | . . Robot Hit Streak 6 | 6 . Robot Miss Streak 3 | 3 . Penetration Max . | . . Secondary Targets . | . . Shots Hit Robots 22 | 22 . Core Hits 17 | 15 2 Critical Kills . | . . Critical Parts Destroyed . | . . Critical Strikes . | . . Melee Attacks . | . . Impact . | . . Slashing . | . . Piercing . | . . Sneak Attacks . | . . Combat Hostiles . | . . Follow-up Attacks . | . . Damage Inflicted 454 | 331 123 Guns 242 | 242 . Cannons . | . . Explosions 212 | 89 123 Melee . | . . Ramming . | . . Kinetic 54 | 54 . Thermal 188 | 188 . Explosive 212 | 89 123 Electromagnetic . | . . Impact . | . . Slashing . | . . Piercing . | . . Highest Corruption . | . . Average Corruption . | . . Corruption Purged . | . . Corruption Blocked . | . . Overload Shots . | . . Overflow Damage . | . . Projectiles . | . . Explosions . | . . Melee . | . . Knockbacks . | . . Impact . | . . Kinetic . | . . Secondary . | . . Self-Inflicted Damage 100 | 37 63 Shots 3 | 1 2 Rammed . | . . Targets Rammed . | . . Kicked . | . . Crushed . | . . Highest Temperature 60 | 60 9 Average Temperature 18 | 19 5 Received Heat Transfer 237 | 120 117 Siege Activations . | . . Robots Corrupted . | . . Combat Hostiles . | . . Parts Fried . | . . Impact Corruptions . | . . Robots Melted . | . . Combat Hostiles . | . . Parts Melted . | . . Heat Transferred 425 | 425 . Parts Sabotaged . | . . Parts Stolen . | . . Parts Stripped . | . . Power Chain Reactions . | . . Alert | -11 -10 ------- Run | Yrd Mat Peak Influence 59 | 50 59 Initial . | . . Average 5 | 5 8 Maximum Alert Level . | . . Low Security (%) 100 | 100 100 Level 1 . | . . Level 2 . | . . Level 3 . | . . Level 4 . | . . Level 5 . | . . High Security . | . . Max Security . | . . Squads Dispatched . | . . Investigation . | . . Extermination . | . . Reinforcement . | . . Assault . | . . Garrison . | . . Intercept . | . . Searches Triggered . | . . Construction Impeded . | . . Haulers Reinforced . | . . Active Scanning Responses . | . . Cargo Convoy Interrupts . | . . Stealth | -11 -10 --------- Run | Yrd Mat Distress Signals . | . . Communications Jammed . | . . Distress Signals . | . . Times Spotted 12 | 10 2 Peak Tracking Total 3 | 3 3 Tactical Retreats 3 | 3 . Traps | -11 -10 ------- Run | Yrd Mat Traps Triggered . | . . Indirectly . | . . Trap Hack Attempts . | . . Triggered . | . . Disarmed . | . . Reprogrammed . | . . Reused . | . . Traps Extracted . | . . Installed . | . . Triggered . | . . Machines | -11 -10 ---------- Run | Yrd Mat Machines Disabled 2 | . 2 Max in Single Turn 2 | . 2 Machines Repaired . | . . Machines Dismantled . | . . Machines Sabotaged . | . . Overloaded Fab Kills . | . . Hacking | -11 -10 --------- Run | Yrd Mat Machines Accessed . | . . Terminals . | . . Fabricators . | . . Repair Stations . | . . Recycling Units . | . . Scanalyzers . | . . Garrison Access . | . . Total Hacks . | . . Successful . | . . Failed . | . . Catastrophic . | . . Database Lockouts . | . . Manual . | . . Terminals . | . . Fabricators . | . . Repair Stations . | . . Recycling Units . | . . Scanalyzers . | . . Garrison Access . | . . Terminal Hacks . | . . Fabricator Hacks . | . . Repair Station Hacks . | . . Recycling Unit Hacks . | . . Scanalyzer . | . . Garrison Access Hacks . | . . Unauthorized Hacks . | . . Terminals . | . . Fabricators . | . . Repair Stations . | . . Recycling Units . | . . Scanalyzers . | . . Garrison Access . | . . Data Cores Recovered . | . . Used . | . . Hacking Detections . | . . Full Trace Events . | . . Feedback Events . | . . Feedback Blocked . | . . Robot Schematics Acquired . | . . Robots Built . | . . Authchips . | . . Time . | . . Total Robot Build Rating . | . . Part Schematics Acquired . | . . Parts Built . | . . Authchips . | . . Time . | . . Total Part Build Rating . | . . Parts Repaired . | . . Time . | . . Parts Recycled . | . . Recycled Matter . | . . Retrieved Matter . | . . Retrieved Components . | . . Parts Scanalyzed . | . . Part Schematics Acquired . | . . Parts Damaged . | . . Bothacking | -11 -10 ------------ Run | Yrd Mat Used RIF Installer . | . . Robots Hacked . | . . Non-combat . | . . Combat . | . . Robot Hacks Applied . | . . Relay Couplers Released . | . . Fabnet Peak Effective % . | . . Robots Rewired . | . . Allies Hacked . | . . Hacks Repelled . | . . Allies | -11 -10 -------- Run | Yrd Mat Total Allies . | . . Largest Group . | . . Highest-Rated Group . | . . Highest-Rated Ally . | . . Total Orders . | . . Ally Attacks . | . . Total Damage . | . . Kills . | . . Allies Corrupted . | . . Allies Melted . | . . Intel | -11 -10 ------- Run | Yrd Mat Robot Analysis Total . | . . Derelict Logs Recovered . | . . Drone Launches . | . . Drone Recoveries . | . . Exploration | -11 -10 ------------- Run | Yrd Mat Turns Passed 5191 | 5091 100 Spaces Moved 2091 | 2045 46 Core 17 | 17 . Treads . | . . Legs 749 | 703 46 Wheels 1141 | 1141 . Hover 184 | 184 . Flight . | . . Fastest Speed 50 | 50 190 Average Speed 125 | 123 190 Slowest Speed 190 | 190 190 Overloaded Moves . | . . Propulsion Burnouts . | . . Robots Hopped . | . . Cave-ins Triggered . | . . Exploration Rate (%) 53 | 99 8 Regions Visited 1 Branch Regions . Pre-discovered Areas . | . . Known Exits Taken . | . . Unknown Exits Taken 1 | 1 . Scrap Searched . | . . Spaces Dug 8 | 8 . Terrain Destroyed 96 | 52 44 Melee . | . . Projectile . | . . AOE 96 | 52 44 Terrain Rammed . | . . Walls Destroyed . | . . Machines Disabled . | . . Actions | -11 -10 --------- Run | Yrd Mat Total 4609 | 4556 53 Wait 2438 | 2438 . Move 2090 | 2044 46 Hop . | . . Pick Up 17 | 17 . Fast Attach 1 | 1 . Attach 12 | 12 . Detach 1 | 1 . Swap . | . . Drop 3 | 3 . Fire 47 | 40 7 Melee . | . . Ram . | . . Kick . | . . Crush . | . . Escape Stasis . | . . Rewire . | . . Trap . | . . Miscellaneous . | . . Route ------- -11/Scrapyard -10/Materials History --------- Turn | Location | Event 2 | -11/Scrapyard | Discovered new exit (range 16) 2244 | -11/Scrapyard | Assembled infested the area 2608 | -11/Scrapyard | Core integrity fell below 50% 5092 | -11/Scrapyard | Entered Materials 5093 | -10/Materials | Build established: Mutant 5167 | -10/Materials | Core integrity fell below 20% 5192 | -10/Materials | Destroyed self with Mini Grenade Launcher Last Messages --------------- Acquired 10 matter. LOCATION=UNKNOWN GOAL=ESCAPE ALERT: A rogue bot has emerged from the scrapyard. Terminate on contact. K-01 Serf collects debris. K-01 Serf cleans the Processing Tank. K-01 Serf collects debris. Processing Tank disabled. G-34 Mercenary destroyed. K-01 Serf collects debris. Imp. Light Armor Plating destroyed. Destroyed Imp. Light Armor Plating. The unstable cave ceiling collapses. K-01 Serf collects debris. The unstable cave ceiling collapses. K-01 Serf collects debris. The unstable cave ceiling collapses. Aluminum Leg destroyed. Destroyed Aluminum Leg. Map ----- +----------------------------------------------------+ | ???????????????????????????????? | | ???????????????????????????????? | | ???????????????????????????????? | | ???????????????????????????????? | | ???????????????????????????????? | | ???????????????????????????????? | | ???????????????????????????????? | | ???????????????????????????????? | | ???????????????????????????????? | | ??????????????????????#####????? | | ??????????????????????# #????? | | ??????????????????????# #????? | | ??????????????????????# k#????? | | ??????????????????????# #????? | | ??????????????????????# #????? | | ??????????????????????# #????? | | ??????????????????????# #????? | | ??????????????????????# #????? | | ??????????????????????# #????? | | ??????????????????????# #????? | | ?????????# ########## #????? | | ?????????# #????? | | ???????????????# #????? | | ???????????????# #????? | | ???????????????# ###### #????? | | ???????????????# ?????# @ ????? | | ???????????????# ??????## #???? | | ???????????????# ?????? #???? | | ???????????????# ??#####g ###? | | ???????????????# ?# #? | | ??????????????## ?# #? | | ??????????????# # " #? | | ??????????????# # " #? | | ??????????????# + #? | | ??????????????# # #? | | ??????????????# # #? | | ??????????????#####?# ? | | ????????????????????# # #? | | ???????????????????? #? | | ????????????????????# ##? | | ????????????????????[## # ###?? | | ??????????????????????##?##????? | | ???????????????????????????????? | | ???????????????????????????????? | | ???????????????????????????????? | | ???????????????????????????????? | | ???????????????????????????????? | | ???????????????????????????????? | | ???????????????????????????????? | | ???????????????????????????????? | +----------------------------------------------------+ Best States ------------- Heat Dissipation 25 Energy Generation 10 Energy Capacity 250 Matter Stores 300 Matter Capacity 300 Sight Range 16 Terrain Scan Density 10 Armor Coverage 150 Evasion (%) 50 Item Schematics ----------------- None Robot Schematics ------------------ None Fabricated ------------ Nothing Alien Tech Used ----------------- None Achievements -------------- Curiosity Killed The Cat Challenges ------------ None Game ------ Seed UtilitySlugRailgun Manual? 0 Play Time 00:17:02 Cumulative 6.3 hours Start 2024.04.10 @ 19:13:01 End 2024.04.10 @ 19:29:18 Sessions 1 Manual Loads 0 Difficulty Rogue Special Mode None Game No. 13 Rogue 13 Adventurer 0 Explorer 0 Win Type - Total 0 Types 0/0/0/0/0/0/0/0/0 Lore% 5 Gallery% 11 Achievement% 10 Wizard Run 0 Options --------- Layout 1 ASCII 0 Keyboard 0 Movement Mouse Keybinds 0 Fullscreen 1 Font 32/SmallcapsGlow Map View 50x35 Zoom Use 0% Tactical HUD 0 Map Filters NONE Filters NONE Steam 1 RUN: da3fb016-d3f5-4f7f-90e2-1cc8df7af412